 Dungeon Sprint DCSS version 0.30-a0-311-gf115ab0292 (webtiles) character file.

Game seed: 1249330163487780839

61586 mhtbhm the Executioner (level 14, 0/238 HPs)
             Began as an Armataur Berserker on Oct 25, 2022.
             Was the Champion of Trog.
             Slain by a Hell Sentinel (21 damage)
             ... in the Dungeon (Sprint VII: "The Pits").
             The game lasted 00:18:21 (5530 turns).

mhtbhm the Executioner (Armataur Berserker)         Turns: 5530, Time: 00:18:22

Health: 0/238      AC: 33    Str: 27    XL:     14   Next: 61%
Magic:  14/14      EV:  6    Int:  9    God:    Trog [******]
Gold:   35         SH:  0    Dex:  9    Spells: 13/13 levels left

rFire   + . .      SeeInvis .    u - +4 executioner's axe (vorpal)
rCold   + . .      Faith    .    (shield currently unavailable)
rNeg    + . .      Spirit   .    l - +6 gold dragon scales
rPois   +          Reflect  .    y - +1 helmet
rElec   .          Harm     .    o - +0 cloak
rCorr   .          Roll     +    (no gloves)
Will    +....      NoTele   +    (no barding)
Stlth   ..........               (no amulet)
HPRegen 0.59/turn                k - +3 ring of protection
MPRegen 0.14/turn                G - ring of positive energy

@: berserking, very quick
A: large, rugged brown scales 3, deformed body, armoured tail, roll, long
tongue, awkward tongue
a: Renounce Religion, Berserk, Trog's Hand, Brothers in Arms


You were in the Dungeon.
You worshipped Trog.
Trog was exalted by your worship.
You visited 1 branch You collected 35 gold pieces.

Inventory:

Hand Weapons
 a - the +8 whip "Snakebite" {venom, curare, rPois}
   (You found it in the Dungeon)

   It poisons the flesh of those it strikes.
   It occasionally inflicts asphyxiating poison on those it strikes, dealing
   poison damage and causing slowness.
   rPois:     It protects you from poison.
 p - a +2 vorpal war axe
 s - a +7 antimagic battleaxe
 t - a +2 war axe of flaming
 u - a +4 vorpal executioner's axe (weapon)
 B - a +5 spectral broad axe
 N - a +0 morningstar of holy wrath
Missiles
 q - 3 silver javelins (quivered)
 J - 5 javelins
Armour
 b - the +11 scale mail "Syjitu" {rElec rCorr Int+5}
   (You found it in the Dungeon)

   Int:       It affects your intelligence (+5).
   rElec:     It insulates you from electricity.
   rCorr:     It protects you from acid and corrosion.
 l - +6 gold dragon scales (worn)
 o - a +0 cloak (worn)
 y - a +1 helmet (worn)
 E - the +4 scale mail of Ru's Approval {rElec rPois rF++ rCorr Dex-5}
   (You found it in the Dungeon)

   Dex:       It affects your dexterity (-5).
   rF:        It greatly protects you from fire.
   rElec:     It insulates you from electricity.
   rPois:     It protects you from poison.
   rCorr:     It protects you from acid and corrosion.
Jewellery
 k - a +3 ring of protection (left hand)
 w - a ring of ice
 C - a ring of fire
 G - a ring of positive energy (right hand)
Scrolls
 h - 3 scrolls of blinking
 j - a scroll of summoning
 v - 2 scrolls of identify
 z - a scroll of butterflies
 A - a scroll of fear
 D - a scroll of poison
Potions
 c - 7 potions of curing
 d - 7 potions of heal wounds
 e - 2 potions of haste
 f - 4 potions of magic
 g - 3 potions of berserk rage
 i - a potion of invisibility
 m - 2 potions of mutation
 n - 4 potions of might
 r - 2 potions of degeneration
Miscellaneous
 F - a piece from Xom's chessboard (15/15)
 K - a lightning rod (4/4)
 L - a box of beasts
 M - a phantom mirror


   Skills:
 + Level 20.4 Fighting
 + Level 22.4(23.1) Axes
 - Level 11.1(19.1) Maces & Flails
 + Level 20.3 Armour
 + Level 7.5 Dodging
 + Level 11.6 Stealth
 + Level 1.0 Evocations


You had 13 spell levels left.
You didn't know any spells.
Your spell library was empty.

Dungeon Overview and Level Annotations

Branches:
Dungeon (1/1)

Altars:
Gozag
Hepliaklqana
Sif Muna
Trog
Jiyva


Innate Abilities, Weirdness & Mutations

You are completely covered in rugged brown scales. (AC +3, +7% HP)
Armour fits poorly on your strangely shaped body.
You have a long armoured tail.
You roll when moving toward enemies. (Rampage)
Your long tongue fully drains potion bottles. (2x potion effects)
Your tongue gives you trouble enunciating. (1.5x scroll delay)


Message History

Trog accepts your kill.
Your Evocations skill increases to level 1!
Unknown command.
You roll towards the Hell Sentinel!
You barely miss the Hell Sentinel.
You tail-slap the Hell Sentinel, but do no damage.
You slash the yellow draconian!
The yellow draconian hits you with a +0 trident.
* * * LOW HITPOINT WARNING * * *
The Hell Sentinel gestures at you. The iron shot hits you.
* * * LOW HITPOINT WARNING * * *
You barely miss the Hell Sentinel. You hit the yellow draconian.
Unknown command.
You slice the Hell Sentinel!!
The Hell Sentinel is lightly wounded.
You slice the yellow draconian!!
The yellow draconian hits you with a +0 trident.
* * * LOW HITPOINT WARNING * * *
The Hell Sentinel hits you!
* * * LOW HITPOINT WARNING * * *
The Hell Sentinel barely misses you.
You slash the Hell Sentinel!
The Hell Sentinel is moderately wounded.
You slice the yellow draconian!!
You feel the power of Trog in you as your rage grows.
You kill the yellow draconian!
Trog accepts your kill. Trog grants you a weapon!
Something appears at your feet!
You see here a +6 dire flail of flaming.
You hit the Hell Sentinel but do no damage.
You tail-slap the Hell Sentinel, but do no damage.
The Hell Sentinel is moderately wounded.
The Hell Sentinel hits you but does no damage. x2
You hit the Hell Sentinel but do no damage.
The Hell Sentinel is moderately wounded.
You slice the Hell Sentinel!!
The Hell Sentinel is heavily wounded.
The Hell Sentinel hits you!!
You die...

,,,,,,**,***,***+*
,,,,,**,,,+,,,**,*
*,,,***+,**+,***+*
**,***,***,*+* *,*
,***,***,***,**#+#
,,+,,,+,,,+,,,##.##
,**+,**+,**+,*#...#
**,***,***,**++.1)#
*** *** ******#@#*
***************#'#
,,,,,,,,*,,*,,*#.#
,,,,,,,,*,,*,,*#)#
******,,*++*++*#)#
,,,,,*,,,,,,,,*#'#
,,,,,*,,,,,,,,*#.#
,,,,,+,,*,,*,,*#'#
,,,,,*,,,,,,,,*#.#


You could see a Hell Sentinel.

Vanquished Creatures
  Ereshkigal (D)
  A royal mummy (D)
  A Killer Klown (D)
  A pandemonium lord (D)
  A pearl dragon (D)
  A Brimstone Fiend (D)
  A death cob (D)
  An azure jelly (D)
  A deep elf sorcerer (D)
  A nagaraja (D)
  A balrug (D)
  2 angels (D)
  A reaper (D)
  An apis (D)
  A minotaur (D)
  A dire elephant (D)
  A yellow draconian (D)
  Josephine (D)
  3 yaktaur captains (D)
  A vault guard (D)
  2 hydras (D)
  A centaur warrior (D)
  An anaconda (D)
  A merfolk aquamancer (D)
  2 death knights (D)
  2 naga warriors (D)
  A vampire mage (D)
  A deep elf knight (D)
  2 orc high priests (D)
  A sun demon (D)
  5 skeletal warriors (D)
  A sea snake (D)
  5 orc knights (D)
  A deep elf zephyrmancer (D)
  An orc sorcerer (D)
  A manticore (D)
  A cyclops (D)
  An elephant (D)
  A rust devil (D)
  A gargoyle (D)
  2 smoke demons (D)
  3 cane toads (D)
  A komodo dragon (D)
  2 rime drakes (D)
  6 yaktaurs (D)
  An ice devil (D)
  2 trolls (D)
  A polar bear (D)
  3 blink frogs (D)
  2 tyrant leeches (D)
  A wind drake (shapeshifter) (D)
  A tarantella (D)
  6 dream sheep (D)
  2 shadows (D)
  A jumping spider (D)
  6 yaks (D)
  A vampire (D)
  5 water elementals (D)
  5 wraiths (D)
  A basilisk (D)
  A floating eye (D)
  4 hell hounds (D)
  A sky beast (D)
  3 ice beasts (D)
  A black bear (D)
  4 orc warriors (D)
  An ogre (D)
  3 centaurs (D)
  2 scorpions (D)
  4 killer bees (D)
  A jelly (D)
  A quasit (D)
  3 orc priests (D)
  An iron imp (D)
  3 orc wizards (D)
  An iguana (D)
  A mummy (D)
  A gnoll (D)
  2 adders (D)
  A white imp (D)
  An adder simulacrum (D)
  11 orcs (D)
  2 ball pythons (D)
  A bat (D)
  3 goblins (D)
  9 jackals (D)
  A ball python simulacrum (D)
  A ball python skeleton (D)
  A ball python zombie (D)
  A jackal simulacrum (D)
  A rat (D)
178 creatures vanquished.

Vanquished Creatures (collateral kills)
  A fire giant (D)
  2 orc warlords (D)
  An eidolon (D)
  A vault guard (D)
  A boulder beetle (D)
  A naga warrior (D)
  A swamp dragon (D)
  4 orc knights (D)
  A molten gargoyle (D)
  2 yaktaurs (D)
  A wandering mushroom (D)
  A small abomination (D)
  An orc warrior (D)
  An adder (D)
  A ball python zombie (D)
20 creatures vanquished.

Vanquished Creatures (others)
  A wizard (D)
  An orc knight (D)
2 creatures vanquished.

Grand Total: 200 creatures vanquished

Notes
Turn   | Place    | Note
-------+----------+-------------------------------------------
     0 | D        | mhtbhm the Armataur Berserker began the quest for the Orb.
     0 | D        | Reached XP level 1. HP: 19/19 MP: 1/1
    52 | D        | Reached ** piety under Trog
    54 | D        | Reached skill level 3 in Axes
    99 | D        | Reached XP level 2. HP: 24/27 MP: 2/2
   101 | D        | Reached *** piety under Trog
   133 | D        | Noticed a scorpion
   135 | D        | Reached **** piety under Trog
   138 | D        | Killed a scorpion
   139 | D        | Reached skill level 5 in Fighting
   139 | D        | Reached skill level 5 in Axes
   139 | D        | Reached XP level 3. HP: 38/38 MP: 3/3
   139 | D        | Reached XP level 4. HP: 44/44 MP: 4/4
   228 | D        | Found a bloodstained altar of Trog.
   228 | D        | Found a shimmering blue altar of Sif Muna.
   228 | D        | Found a viscous altar of Jiyva.
   228 | D        | Found a hazy altar of Hepliaklqana.
   228 | D        | Found an opulent altar of Gozag.
   250 | D        | Noticed an ogre
   251 | D        | Noticed a floating eye
   255 | D        | Reached ***** piety under Trog
   255 | D        | Noticed an ice beast
   256 | D        | Killed a floating eye
   257 | D        | Reached skill level 7 in Axes
   257 | D        | Reached XP level 5. HP: 55/55 MP: 5/5
   258 | D        | Killed an ogre
   259 | D        | Reached XP level 6. HP: 65/65 MP: 6/6
   268 | D        | Killed an ice beast
   268 | D        | Received a gift from Trog
   269 | D        | Reached skill level 8 in Axes
   269 | D        | Reached skill level 5 in Armour
   337 | D        | Noticed an orc high priest
   343 | D        | Killed an orc high priest
   344 | D        | Reached skill level 10 in Fighting
   344 | D        | Reached skill level 10 in Axes
   344 | D        | Reached XP level 7. HP: 78/78 MP: 7/7
   398 | D        | Reached XP level 8. HP: 85/85 MP: 8/8
   402 | D        | Received a gift from Trog
   449 | D        | Noticed a polar bear
   458 | D        | Killed a polar bear
   462 | D        | Found the +8 whip "Snakebite" {venom, curare, rPois}
   623 | D        | Noticed a death knight
   649 | D        | Killed a death knight
   650 | D        | Reached skill level 11 in Axes
   650 | D        | Reached XP level 9. HP: 58/95 MP: 9/9
   754 | D        | Noticed a seven-headed hydra
   760 | D        | Killed a seven-headed hydra
   761 | D        | Reached skill level 12 in Axes
   764 | D        | Received a gift from Trog
   765 | D        | Reached skill level 5 in Maces & Flails
   831 | D        | Reached ****** piety under Trog
   853 | D        | Reached skill level 10 in Armour
  1176 | D        | Noticed a minotaur
  1178 | D        | Noticed a troll
  1188 | D        | Killed a minotaur
  1189 | D        | Reached skill level 5 in Dodging
  1189 | D        | Reached skill level 1 in Stealth
  1189 | D        | Reached XP level 10. HP: 107/107 MP: 10/10
  1280 | D        | Noticed an eidolon
  1301 | D        | Killed an eidolon
  1301 | D        | Received a gift from Trog
  1628 | D        | Noticed a smoke demon
  1642 | D        | Killed a smoke demon
  1819 | D        | Noticed a cane toad
  1819 | D        | Noticed a deep elf zephyrmancer
  1826 | D        | Killed a deep elf zephyrmancer
  1832 | D        | Noticed a skeletal warrior
  1837 | D        | Killed a cane toad
  1837 | D        | Received a gift from Trog
  1841 | D        | Noticed a skeletal warrior
  1842 | D        | Noticed a skeletal warrior
  1851 | D        | Killed a skeletal warrior
  1883 | D        | Killed a skeletal warrior
  1884 | D        | Reached skill level 10 in Maces & Flails
  1884 | D        | Reached XP level 11. HP: 50/114 MP: 11/11
  1887 | D        | Killed a skeletal warrior
  2171 | D        | Reached skill level 15 in Armour
  2173 | D        | Received a gift from Trog
  2343 | D        | Noticed Josephine
  2347 | D        | Killed Josephine
  2347 | D        | Identified the +1 war axe of Drought {antimagic, rPois
                  | rCorr Str-3 Dex+6} (Trog gifted it to you in the Dungeon)
  2347 | D        | Received a gift from Trog
  2510 | D        | Noticed an orc sorcerer
  2510 | D        | Noticed a skeletal warrior
  2510 | D        | Noticed a skeletal warrior
  2514 | D        | Killed an orc sorcerer
  2515 | D        | Reached skill level 13 in Axes
  2520 | D        | Killed a skeletal warrior
  2527 | D        | Killed a skeletal warrior
  2532 | D        | Received a gift from Trog
  2712 | D        | Noticed a merfolk aquamancer
  2712 | D        | Noticed a sea snake
  2719 | D        | Received a gift from Trog
  2727 | D        | Noticed an orc high priest
  2738 | D        | Received a gift from Trog
  2739 | D        | Reached skill level 14 in Axes
  2740 | D        | Killed a merfolk aquamancer
  2740 | D        | Killed an orc high priest
  2741 | D        | Reached skill level 15 in Fighting
  2743 | D        | Received a gift from Trog
  2744 | D        | Reached XP level 12. HP: 124/127 MP: 12/12
  2754 | D        | Reached skill level 15 in Axes
  2758 | D        | Received a gift from Trog
  2766 | D        | Received a gift from Trog
  3049 | D        | Got the +11 scale mail "Syjitu" {rElec rCorr Int+5}
  3105 | D        | Got the +4 scale mail of Ru's Approval {rElec rPois rF++
                  | rCorr Dex-5}
  3218 | D        | Noticed a five-headed hydra
  3218 | D        | Noticed a death knight
  3218 | D        | Noticed an apis
  3218 | D        | Noticed a centaur warrior
  3223 | D        | Killed a three-headed hydra
  3231 | D        | Killed a centaur warrior
  3236 | D        | Killed an apis
  3236 | D        | Received a gift from Trog
  3237 | D        | Reached skill level 16 in Axes
  3242 | D        | Killed a death knight
  3596 | D        | Noticed an anaconda
  3606 | D        | Killed an anaconda
  3606 | D        | Received a gift from Trog
  3608 | D        | Noticed a death cob
  3611 | D        | Reached skill level 17 in Axes
  3623 | D        | Killed a death cob
  3623 | D        | Noticed a balrug
  3628 | D        | Killed a balrug
  3633 | D        | Upgraded the game from 0.30-a0-310-g7d6cbdfea6 to
                  | 0.30-a0-311-gf115ab0292
  3635 | D        | Reached XP level 13. HP: 36/141 MP: 13/13
  3642 | D        | Received a gift from Trog
  3658 | D        | Noticed a nagaraja
  3664 | D        | Killed a nagaraja
  3664 | D        | Received a gift from Trog
  3665 | D        | Reached skill level 18 in Axes
  3956 | D        | Noticed a royal mummy
  3971 | D        | Killed a royal mummy
  3971 | D        | Received a gift from Trog
  3972 | D        | Reached skill level 5 in Stealth
  4176 | D        | Noticed an orc warlord
  4176 | D        | Noticed an orc warlord
  4185 | D        | Killed an orc warlord
  4187 | D        | Received a gift from Trog
  4189 | D        | Killed an orc warlord
  4194 | D        | Reached skill level 19 in Axes
  4195 | D        | Received a gift from Trog
  4198 | D        | Noticed a fire giant
  4207 | D        | Killed a fire giant
  4382 | D        | Found the +1 robe of Vines {NoPotionHeal Regen++++}
  4440 | D        | Received a gift from Trog
  4441 | D        | Reached skill level 10 in Stealth
  4449 | D        | Received a gift from Trog
  4456 | D        | Reached skill level 20 in Axes
  4458 | D        | Reached XP level 14. HP: 102/156 MP: 14/14
  4730 | D        | Noticed an azure jelly
  4738 | D        | Killed an azure jelly
  4968 | D        | Noticed Cadd the pandemonium lord
  4982 | D        | Killed Cadd the pandemonium lord
  5022 | D        | Noticed a Killer Klown
  5041 | D        | Killed a Killer Klown
  5270 | D        | Noticed Ereshkigal
  5287 | D        | Paralysed by Ereshkigal for 5 turns
  5298 | D        | Killed Ereshkigal
  5299 | D        | Reached skill level 21 in Axes
  5480 | D        | Noticed a deep elf sorcerer
  5485 | D        | Killed a deep elf sorcerer
  5485 | D        | Identified the +8 battleaxe "ETAOIN SHRDLU" {flame, rC-
                  | Str+2 Dex+6 SInv} (Trog gifted it to you in the Dungeon)
  5485 | D        | Received a gift from Trog
  5496 | D        | Noticed a Hell Sentinel
  5496 | D        | Noticed a pearl dragon
  5496 | D        | Noticed an angel
  5496 | D        | Noticed an angel
  5496 | D        | Noticed a Brimstone Fiend
  5496 | D        | Noticed a reaper
  5499 | D        | Killed a reaper
  5506 | D        | Killed a pearl dragon
  5507 | D        | Reached skill level 22 in Axes
  5510 | D        | Killed a Brimstone Fiend
  5515 | D        | Killed an angel
  5523 | D        | Killed an angel
  5524 | D        | Reached skill level 1 in Evocations
  5527 | D        | Received a gift from Trog
  5530 | D        | Slain by a Hell Sentinel

Illustrated notes

Levels and vault maps discovered:
D:        pitsprint [storerooms_1, entrance_room_1, metal_vault_1, armoury_2,
          mini_pit_1, grid_room_1, main_hall_1, silver_pit, the_coven_3,
          the_vestibule_1, steel_vault_3, golden_pit, hallway_of_sentries,
          crystal_vault_1, iron_vault_1, final_vault]

Skill      XL: |  1  2  3  4  5  6  7  8  9 10 11 12 13 14 |
---------------+-------------------------------------------+-----
Fighting       | 3 5 7 10 11 12 13 15 17 19 20 | 20.4
Axes           | 3 5 7 10 11 12 14 17 20 22 | 22.4
Armour         | 3 4 6 8 11 14 16 18 19 20 | 20.3
Dodging        | 2 3 4 5 6 7 |  7.5
Maces & Flails | 3 7 10 11 | 11.1
Stealth        | 1 3 4 10 11 | 11.6
Evocations     | 1 |  1.0

Action                   |  1- 3 |  4- 6 |  7- 9 | 10-12 | 13-15 || total
-------------------------+-------+-------+-------+-------+-------++-------
Melee: Hand axe          |    24 |    24 |    15 |       |       ||    63
       Tailslap          |     2 |     1 |     6 |    41 |    22 ||    72
       Whip              |       |       |    61 |    98 |       ||   159
       Punch             |       |       |     2 |     1 |       ||     3
       War axe           |       |       |       |   166 |    46 ||   212
       Executioner's axe |       |       |       |       |   106 ||   106
Invok: Berserk           |     1 |     2 |     5 |     6 |     7 ||    21
       Brothers in Arms  |       |       |       |     1 |     5 ||     6
Evoke: Phantom mirror    |       |       |       |       |     1 ||     1
  Use: Potion            |       |       |     3 |     1 |     7 ||    11
       Scroll            |       |       |       |       |    10 ||    10
 Stab: Distracted        |       |       |       |     1 |     3 ||     4
       Invisible         |       |       |       |       |    10 ||    10
Armor: Animal skin       |     6 |       |       |       |       ||     6
       Chain mail        |       |     4 |    48 |    79 |       ||   131
       Scale mail        |       |       |       |    43 |    52 ||    95
       Gold dragon scale |       |       |       |       |    35 ||    35
Dodge: Dodged            |     9 |     5 |    21 |    69 |    56 ||   160

Table legend: (Time is in decaauts)
 A = Elapsed time spent in this place.
 B = Non-inter-level travel time spent in this place.
 C = Inter-level travel time spent in this place.
 D = Time resting spent in this place.
 E = Time spent auto-exploring this place.
 F = Levels seen in this place.
 G = Mean time per level.
                   A        B        C        D        E       F      G
               +--------+--------+--------+--------+--------+-----+--------+
         Total |   5520 |   5520 |      0 |   3527 |     17 |   1 | 5520.0 |
       Dungeon |   5520 |   5520 |      0 |   3527 |     17 |   1 | 5520.0 |
               +--------+--------+--------+--------+--------+-----+--------+

Top non-repeatable levels by time:
       D: 5520 daAuts
